 Dungeon Crawl Stone Soup version 0.20.1-1-g8b1a95d (webtiles) character file.

1458 manon the Carver (level 8, -14/58 HPs)
             Began as a Demonspawn Fighter on Sept 6, 2017.
             Was a Follower of Ashenzari.
             Demolished by an ogre
             ... wielding a +0 giant spiked club
              (29 damage)
             ... on level 6 of the Dungeon.
             The game lasted 00:25:36 (4333 turns).

manon the Carver (Demonspawn Fighter)               Turns: 4333, Time: 00:25:38

Health: -14/58     AC:  8    Str: 21    XL:     8   Next: 47%
Magic:  8/8        EV: 10    Int: 11    God:    Ashenzari [*.....]
Gold:   263        SH:  9    Dex: 14    Spells: 7/7 levels left

rFire    . . .     SeeInvis .   a - +0 long sword (curse)
rCold    . . .     Gourm    .   c - +0 shield
rNeg     . . .     Faith    .   t - +0 scale mail
rPois    .         Spirit   .   (helmet restricted)
rElec    .         Reflect  .   i - +0 cloak
rCorr    .         Harm     .   (no gloves)
MR       .....                  l - +0 pair of boots
Stlth    ..........             (no amulet)
Regen    0.2/turn               (no ring)
MPRegen  0.2/turn               (no ring)

@: mighty, slowed, very slow
A: horns 1, rot immunity
a: Curse Item, Scrying, Renounce Religion


You were on level 6 of the Dungeon.
You worshipped Ashenzari.
Ashenzari was aware of your devotion.
You were not hungry.

You visited 1 branch of the dungeon, and saw 6 of its levels.

You collected 263 gold pieces.

Inventory:

Hand Weapons
 a - a cursed +0 long sword (weapon)
 b - a +0 blowgun
Missiles
 v - 7 curare-tipped needles
Armour
 c - a +0 shield (worn)
 i - a +0 cloak (worn)
 l - a +0 pair of boots (worn)
 t - a +0 scale mail (worn)
Jewellery
 y - an uncursed amulet of regeneration
Wands
 q - a wand of flame (23/48)
Scrolls
 k - 2 scrolls of identify
 m - 3 scrolls of teleportation
 o - a scroll of enchant armour
 s - a scroll of random uselessness {unknown}
 u - a scroll of amnesia {unknown}
 x - a scroll of vulnerability {unknown}
Potions
 e - a potion of mutation {unknown}
 h - 2 potions of curing
 n - 3 potions of flight
 p - a potion of agility {unknown}
 r - a potion of brilliance {unknown}
 w - a potion of heal wounds {unknown}
 z - a potion of ambrosia {unknown}
 B - a potion of haste {unknown}
Comestibles
 f - 6 bread rations
 g - 4 meat rations
 j - 2 fruits
 A - a royal jelly


   Skills:
 - Level 3.0 Fighting
 * Level 8.3 Long Blades
 - Level 2.6 Armour
 + Level 5.1 Dodging
 - Level 2.6 Shields


You had 7 spell levels left.
You didn't know any spells.

Dungeon Overview and Level Annotations

Branches:
Dungeon (6/15)
 Temple: D:4-7

Altars:
Ashenzari
Elyvilon
Fedhas
Okawaru
Vehumet
Zin
The Shining One

Shops:
D:4 [

Annotations:
D:5 2 runed doors


Innate Abilities, Weirdness & Mutations

You have a pair of small horns on your head.
You are immune to rotting.


Message History

The worker ant twitches its antennae in your direction.
The orc wizard gestures at you while chanting.
You feel yourself slow down.
Found a fizzy red potion and a scroll of identify.
The orc wizard casts a spell.
The orc wizard seems to speed up.
An orc comes into view. It is wielding a hand axe.
All of the chunks of flesh in your inventory have rotted away.
The ogre hits you with a giant spiked club!!
You slash the ogre!
The ogre is moderately wounded.
The ogre hits you with a giant spiked club!!
* * * LOW HITPOINT WARNING * * *
You feel very mighty all of a sudden.
The orc wizard gestures wildly while chanting.
The orc wizard blinks!
The orc priest hits you but does no damage.
The ogre hits you with a giant spiked club!!
Ouch! That really hurt!
You die...

##a ..# .. .. ..#
#.# #. #o.## #.#
#!##.... #.#
#....# #.#
#####o# #.#
#..o..#
#.###o##### ..
#..@O.#
#.###.#########
#..........#...
...............##
#................
...#...........##
.. ##..........#
. #....<.....#
#...)......#


You could see an ogre, an orc priest and an orc (wandering).

Vanquished Creatures
  An ice beast (D:5)
  A phantom (D:5)
  3 ogres
  A centaur (D:5)
  Blork the orc (D:5)
  A bullfrog (D:5)
  2 scorpions (D:5)
  2 howler monkeys
  2 crimson imps
  7 orc wizards
  2 orc priests (D:5)
  A hound (D:4)
  An iguana (D:5)
  3 worker ants
  10 adders
  2 oozes
  An adder skeleton (D:4)
  An adder zombie (D:4)
  2 worms
  2 dart slugs (D:1)
  7 leopard geckos
  11 orcs
  6 giant cockroaches
  4 hobgoblins
  4 quokkas
  A ball python skeleton (D:4)
  7 bats
  8 frilled lizards
  9 goblins
  9 kobolds
  A quokka zombie (D:5)
  7 rats
120 creatures vanquished.

Vanquished Creatures (others)
  A bush (D:1)
1 creature vanquished.

Grand Total: 121 creatures vanquished

Notes
Turn   | Place    | Note
-------+----------+-------------------------------------------
     0 | D:1      | manon the Demonspawn Fighter began the quest for the Orb.
     0 | D:1      | Reached XP level 1. HP: 18/18 MP: 1/1
    24 | D:1      | Reached skill level 2 in Long Blades
    66 | D:1      | Gained mutation: You have a pair of small horns on your head. [demonic ancestry]
    66 | D:1      | Reached XP level 2. HP: 24/24 MP: 2/2
   240 | D:1      | Reached skill level 1 in Dodging
   585 | D:1      | Gained mutation: You are immune to rotting. [demonic ancestry]
   585 | D:1      | Reached XP level 3. HP: 29/29 MP: 3/3
   694 | D:2      | Found an iron altar of Okawaru.
   699 | D:2      | Found a glowing golden altar of the Shining One.
   701 | D:2      | Found a radiant altar of Vehumet.
   720 | D:2      | Found a shattered altar of Ashenzari.
   749 | D:2      | Reached skill level 3 in Long Blades
   758 | D:2      | Became a worshipper of Ashenzari the Shackled
   790 | D:2      | Found a blossoming altar of Fedhas.
  1006 | D:2      | Reached XP level 4. HP: 21/35 MP: 4/4
  1412 | D:3      | Reached skill level 4 in Long Blades
  1575 | D:3      | Reached XP level 5. HP: 38/41 MP: 5/5
  1903 | D:3      | Found a white marble altar of Elyvilon.
  2216 | D:4      | Reached * piety under Ashenzari
  2222 | D:4      | Reached skill level 5 in Long Blades
  2222 | D:4      | Reached XP level 6. HP: 44/47 MP: 6/6
  2327 | D:4      | Found a shattered altar of Ashenzari.
  2462 | D:4      | Found Lavumu's Armour Boutique.
  2974 | D:5      | Entered Level 5 of the Dungeon
  3022 | D:5      | Reached skill level 6 in Long Blades
  3022 | D:5      | Reached XP level 7. HP: 41/52 MP: 7/7
  3060 | D:5      | Noticed Blork the orc
  3074 | D:5      | Killed Blork the orc
  3314 | D:5      | Reached skill level 7 in Long Blades
  3585 | D:5      | Reached XP level 8. HP: 58/58 MP: 8/8
  4044 | D:5      | Reached skill level 8 in Long Blades
  4059 | D:5      | Found a glowing silver altar of Zin.
  4063 | D:5      | Found a runed door.
  4063 | D:5      | Noticed an angel
  4103 | D:5      | Reached skill level 5 in Dodging
  4142 | D:5      | Found a runed door.
  4333 | D:6      | Demolished by an ogre

Skill      XL: |  1  2  3  4  5  6  7  8 |
---------------+-------------------------+-----
Long Blades    | 2 3 4 5 6 7 8 |  8.3
Dodging        | 1 2 3 4 5 |  5.1
Fighting       | |  3.0
Armour         | |  2.6
Shields        | |  2.6

Action                   |  1- 3 |  4- 6 |  7- 9 || total
-------------------------+-------+-------+-------++-------
Melee: Long sword        |   151 |   240 |   120 ||   511
       Headbutt          |    25 |    35 |    26 ||    86
 Fire: Blowgun           |       |     3 |       ||     3
Invok: Curse Item        |       |     1 |       ||     1
  Use: Scroll            |     3 |       |     2 ||     5
       Potion            |       |     1 |     2 ||     3
  Eat: Chunk             |     1 |     5 |     4 ||    10
       Fruit             |       |     2 |     1 ||     3
Armor: Scale mail        |    70 |    92 |    36 ||   198
Dodge: Dodged            |    36 |    75 |    37 ||   148
Block: Shield            |    65 |    97 |    35 ||   197
       Rpst.: Long sword |    10 |    21 |    10 ||    41
